 Dungeon Crawl Stone Soup version 0.30-a0-422-g946f4849ff (webtiles) character file.

Game seed: 14426770251038666652

2492 cforsyth the Cleaver (level 9, -6/85 (86) HPs)
             Began as a Hill Orc Monk on Dec 8, 2022.
             Engulfed by a cloud of steam (8 damage)
             ... on level 8 of the Dungeon.
             The game lasted 00:18:44 (6420 turns).

cforsyth the Cleaver (Hill Orc Monk)                Turns: 6420, Time: 00:18:44

HP:   -6/85 (86)    AC: 12    Str: 18    XL:     9   Next: 52%
MP:   9/9           EV:  8    Int: 10    God:
Gold: 291           SH:  0    Dex: 13    Spells: 8/8 levels left

rFire   . . .      SeeInvis .    A - +3 mace
rCold   . . .      Faith    .    (no shield)
rNeg    + . .      Spirit   .    p - +0 chain mail
rPois   .          Reflect  .    h - +0 helmet
rElec   .          Harm     .    B - +0 cloak
rCorr   .          Rampage  .    (no gloves)
Will    +....                    (no boots)
Stlth   ..........               j - amulet of regeneration
HPRegen 1.14/turn                u - ring of willpower
MPRegen 0.11/turn                x - ring of positive energy

@: lightly drained
A: no striking features
a: no special abilities


You were on level 8 of the Dungeon.
You visited 1 branch of the dungeon, and saw 8 of its levels.

You collected 291 gold pieces.

Inventory:

Hand Weapons
 a - a +0 hand axe
 A - a +3 mace (weapon)
Armour
 h - a +0 helmet (worn)
 p - a +0 chain mail (worn)
 B - a +0 cloak (worn)
 D - a +0 scale mail of poison resistance
Jewellery
 j - an amulet of regeneration (around neck)
 u - a ring of willpower (left hand)
 v - an amulet of guardian spirit
 x - a ring of positive energy (right hand)
 y - a +6 ring of dexterity
 z - a ring of willpower
Scrolls
 b - a scroll of enchant armour {unknown}
 c - a scroll of fog {unknown}
 d - 2 scrolls of teleportation {unknown}
 f - 2 scrolls of summoning {unknown}
 g - 3 scrolls of immolation
 k - 2 scrolls of fear {unknown}
 l - 2 scrolls of amnesia
 n - a scroll of blinking {unknown}
 o - 2 scrolls of torment {unknown}
 q - 2 scrolls of identify
 s - a scroll of silence {unknown}
 t - 3 scrolls of enchant weapon {unknown}
 w - 3 scrolls of poison {unknown}
 C - a scroll of noise {unknown}
Potions
 e - 3 potions of lignification
 i - a potion of invisibility
 m - a potion of flight
 r - 3 potions of brilliance


   Skills:
 + Level 10.4 Fighting
 + Level 11.5 Axes
 - Level 5.0 Armour
 - Level 2.4 Dodging
 - Level 1.5 Stealth


You had 8 spell levels left.
You didn't know any spells.
Your spell library contained the following spells:

 Spells                   Type           Power      Damage    Failure   Level
 Blink                    Tloc           0%         N/A       100%        2
 Ozocubu's Armour         Ice            0%         N/A       100%        3
 Anguish                  Hex/Necr       0%         N/A       100%        4
 Manifold Assault         Tloc           0%         N/A       100%        4
 Metabolic Englaciation   Hex/Ice        0%         N/A       100%        5
 Simulacrum               Ice/Necr       0%         N/A       100%        6
 Enfeeble                 Hex            0%         N/A       100%        7
 Storm Form               Tmut/Air       0%         N/A       100%        7


Dungeon Overview and Level Annotations

Branches:
Dungeon (8/15)             Temple (0/1) D:5
   Lair: D:8-11

Altars:
Yredelemnul

Shops:
D:5 *:

Annotations:
D:6 Grinder


Message History

The steam dragon barely misses you.
The steam dragon claws you but does no damage.
A wight comes into view. It is wielding a +2 mace.
The wight hits you from afar with a +4 spear.
Unknown command.
You hit the steam dragon but do no damage.
The steam dragon is almost dead.
A wight comes into view. It is wielding a +0 short sword.
The wight hits you from afar with a +4 spear.
You partially resist.
You feel drained. The steam dragon breathes steam at you.
The ball of steam misses you.
You barely miss the steam dragon.
The steam dragon is almost dead.
You are engulfed in a cloud of scalding steam.
* * * LOW HITPOINT WARNING * * *
The steam dragon barely misses you. The steam dragon claws you.
* * * LOW HITPOINT WARNING * * *
The wight hits you from afar with a +4 spear.
* * * LOW HITPOINT WARNING * * *
You hit the steam dragon.
The steam dragon is almost dead.
You are engulfed in a cloud of scalding steam.
* * * LOW HITPOINT WARNING * * *
The steam dragon closely misses you.
The steam dragon claws you but does no damage.
The wight barely misses you. The steam dragon misses you.
The steam dragon barely misses you. The wight barely misses you.
You barely miss the steam dragon.
The steam dragon is almost dead.
The steam dragon breathes steam at you. The ball of steam misses you.
The wight hits you from afar with a +4 spear!
* * * LOW HITPOINT WARNING * * *
Unknown command.
You sock the steam dragon!
You kill the steam dragon!
The steam dragon scales are intact enough to wear.
You are engulfed in a cloud of scalding steam.
You die...

#..........######..
#..................
#..................
#...............>..
#...........z......
#.........z........
#.........z###+##..
#.......n[.'....+
#........@.#....#
#........ยง.#....#
#....##+#####'###
#....# #....#
#....# #....# ###
#....# #....##....#
#....# #.....#....#
#....# #.....#....#
#....# #....##....#


You could see a necrophage and 3 wights.

Vanquished Creatures
  Prince Ribbit (D:5)
  A steam dragon (D:8)
  Menkaure (D:7)
  2 black bears (D:4)
  A sky beast (D:7)
  2 ogres (D:6)
  2 phantoms (D:6)
  A bullfrog (D:7)
  2 gnoll sergeants (D:6)
  A necrophage (D:5)
  4 scorpions
  4 wights (D:6)
  4 killer bees
  2 howler monkeys
  Crazy Yiuf (D:7)
  A gnoll bouda (D:3)
  2 hounds (D:5)
  Jessica (D:2)
  Terence (D:3)
  An orc wizard (D:3)
  4 iguanas
  17 gnolls
  6 adders
  A shadow imp (D:7)
  2 white imps (D:5)
  An ufetubus (D:7)
  5 worms (D:3)
  2 dart slugs
  10 orcs
  6 ball pythons
  9 endoplasms
  3 giant cockroaches
  3 goblins
  6 hobgoblins
  6 jackals
  5 quokkas
  6 bats
  2 frilled lizards
  6 kobolds
  7 rats
  A spectral orc (D:5)
143 creatures vanquished.

Vanquished Creatures (others)
  4 toadstools (D:1)
4 creatures vanquished.

Grand Total: 147 creatures vanquished

Notes
Turn   | Place    | Note
-------+----------+-------------------------------------------
     0 | D:1      | cforsyth the Hill Orc Monk began the quest for the Orb.
     0 | D:1      | Reached XP level 1. HP: 19/19 MP: 1/1
   156 | D:1      | Reached XP level 2. HP: 27/27 MP: 2/2
   410 | D:1      | Reached XP level 3. HP: 34/34 MP: 3/3
   799 | D:2      | Reached skill level 5 in Axes
   821 | D:2      | Noticed Jessica
   841 | D:2      | Killed Jessica
   842 | D:2      | Reached XP level 4. HP: 21/41 MP: 4/4
  1138 | D:2      | Reached skill level 5 in Fighting
  1771 | D:3      | Noticed Terence
  1801 | D:3      | Reached skill level 1 in Armour
  1801 | D:3      | Reached XP level 5. HP: 36/48 MP: 5/5
  1814 | D:3      | Killed Terence
  1815 | D:3      | Reached skill level 6 in Axes
  1897 | D:3      | Found a faded altar of an unknown god.
  2216 | D:4      | Noticed a black bear
  2417 | D:4      | Reached XP level 6. HP: 37/57 MP: 6/6
  2795 | D:4      | Noticed a black bear
  2837 | D:4      | Killed a black bear
  2838 | D:4      | Reached skill level 7 in Axes
  2843 | D:4      | Killed a black bear
  2844 | D:4      | Reached XP level 7. HP: 64/64 MP: 7/7
  3114 | D:5      | Entered Level 5 of the Dungeon
  3138 | D:5      | Found Zeqeirae's General Store.
  3271 | D:5      | Noticed Prince Ribbit
  3501 | D:6      | Noticed Grinder
  3595 | D:5      | Found Ataseph Suti's Book Shop.
  3637 | D:5      | Reached skill level 8 in Axes
  3637 | D:5      | Reached XP level 8. HP: 40/73 MP: 8/8
  4032 | D:5      | Killed Prince Ribbit
  4033 | D:5      | Reached skill level 5 in Armour
  4080 | D:5      | Found a staircase to the Ecumenical Temple.
  4161 | D:5      | Found a basalt altar of Yredelemnul.
  4401 | D:6      | Reached skill level 9 in Axes
  4974 | D:6      | Reached skill level 10 in Axes
  5140 | D:7      | Reached XP level 9. HP: 80/82 MP: 9/9
  5338 | D:7      | Noticed Menkaure
  5352 | D:7      | Killed Menkaure
  5657 | D:7      | Found a runed translucent door.
  5658 | D:7      | Noticed Crazy Yiuf
  5665 | D:7      | Killed Crazy Yiuf
  5948 | D:6      | Reached skill level 11 in Axes
  5951 | D:6      | Reached skill level 10 in Fighting
  6419 | D:8      | HP: 2/85 [wight/+4 spear (7)]
  6420 | D:8      | Engulfed by a cloud of steam

Illustrated notes

Levels and vault maps discovered:
D:1:      ldierk_walled_garden_2, layout_basic
D:2:      layout_loops_ring, fountainhead, uniq_jessica
D:3:      layout_loops_ring, shapermc_ecumenical_altar_totnotflames,
          minmay_distorted, uniq_terence
D:4:      layout_gridville
D:5:      layout_basic, yredelemnul_forgotten_temple_becter,
          minmay_temple_entry_statues_fountains, serial_shops, shop,
          nicolae_inconvenience_store, uniq_prince_ribbit1
D:6:      layout_cave_pods, uniq_grinder
D:7:      layout_basic, nicolae_elevator_lobby_asterisk, uniq_menkaure,
          uniq_crazy_yiuf_cottage
D:8:      layout_gridville, hellmonk_ghost_big_iron

Skill      XL: |  1  2  3  4  5  6  7  8  9 |
---------------+----------------------------+-----
Fighting       | 4 5 6 7 9 10 | 10.4
Axes           | 5 6 7 8 10 11 | 11.5
Armour         | 1 2 3 4 5 |  5.0
Dodging        | |  2.4
Stealth        | |  1.5

Action                   |  1- 3 |  4- 6 |  7- 9 || total
-------------------------+-------+-------+-------++-------
Melee: Hand axe          |    92 |   289 |   201 ||   582
       Punch             |     1 |     5 |     2 ||     8
       Mace              |       |       |   239 ||   239
  Use: Potion            |       |     9 |     1 ||    10
       Scroll            |       |     4 |       ||     4
 Stab: Sleeping          |     2 |       |       ||     2
Armor: Robe              |    25 |     2 |       ||    27
       Chain mail        |       |   112 |   252 ||   364
       Skin              |       |    98 |       ||    98
       Ring mail         |       |     2 |       ||     2
Dodge: Dodged            |    59 |   126 |   201 ||   386

Table legend: (Time is in decaauts)
 A = Elapsed time spent in this place.
 B = Non-inter-level travel time spent in this place.
 C = Inter-level travel time spent in this place.
 D = Time resting spent in this place.
 E = Time spent auto-exploring this place.
 F = Levels seen in this place.
 G = Mean time per level.
                   A        B        C        D        E       F      G
               +--------+--------+--------+--------+--------+-----+--------+
         Total |   6415 |   6092 |    323 |    202 |   3780 |   8 |  801.9 |
       Dungeon |   6415 |   6092 |    323 |    202 |   3780 |   8 |  801.9 |
               +--------+--------+--------+--------+--------+-----+--------+

Top non-repeatable levels by time:
     D:6: 1304 daAuts
     D:5: 1168 daAuts
     D:3: 1003 daAuts
     D:2: 769 daAuts
     D:7: 763 daAuts
     D:4: 735 daAuts
     D:1: 599 daAuts
     D:8: 71 daAuts
